Map: Carnicería en Korhal EE

Players

GothicGhost - Winner!

  • Race: Protoss Protoss

LiquidMaNa

  • Race: Protoss Protoss

VOD

Have the link to the VOD?

Description

Time

  • Played on: April 27, 2016, 8:12 p.m.
  • Length: 6:22
Show
View Real Time Build Order
Export as new Build Order

GothicGhost Protoss - Winner!

Build Orders:  

Get SALT Encoding   

  12  0:01  Probe (Chrono Boost)  
  13  0:12  Probe (Chrono Boost)  
  14  0:20  Pylon  
  14  0:23  Probe (Chrono Boost)  
  15  0:38  Gateway, Probe (Chrono Boost)  
  16  0:44  Assimilator  
  16  0:48  Probe (Chrono Boost)  
  17  0:59  Probe (Chrono Boost)  
  17  1:01  Assimilator  
  18  1:10  Probe (Chrono Boost)  
  19  1:20  Probe (Chrono Boost)  
  20  1:28  Cybernetics Core  
  20  1:31  Probe (Chrono Boost)  
  21  1:36  Pylon  
  21  1:41  Probe (Chrono Boost)  
  22  1:52  Probe (Chrono Boost), Pylon  
  23  1:54  Gateway  
  23  2:07  Stalker  
  25  2:15  Stargate  
  25  2:22  Mothership Core (Chrono Boost)  
  27  2:37  Warp Gate (Chrono Boost)  
  27  2:42  Stalker  
  29  2:46  Gateway  
  29  3:00  Pylon  
  29  3:12  Fleet Beacon  
  29  3:30  Pylon  
  31  3:41  Zealot x2  
  35  3:49  Zealot  
  35  3:56  Forge  
  41  4:20  Pylon  
  41  4:35  Stalker x2  
  41  4:36  Stalker  
  47  4:52  Photon Cannon  
  47  5:02  Zealot  
  47  5:03  Zealot  
  51  5:11  Stalker  
  53  6:02  Stalker x3  
Show
View Real Time Build Order
Export as new Build Order

LiquidMaNa Protoss 

Build Orders: Nexus First 

Get SALT Encoding   

  12  0:02  Probe (Chrono Boost)  
  13  0:13  Probe (Chrono Boost)  
  14  0:23  Probe (Chrono Boost), Pylon  
  15  0:41  Probe (Chrono Boost)  
  16  0:59  Nexus  
  16  1:00  Probe (Chrono Boost)  
  17  1:14  Gateway  
  17  1:16  Assimilator  
  17  1:19  Probe (Chrono Boost)  
  18  1:38  Probe (Chrono Boost)  
  19  1:49  Probe (Chrono Boost)  
  20  1:59  Assimilator  
  20  2:00  Pylon  
  20  2:03  Cybernetics Core  
  21  2:08  Probe (Chrono Boost)  
  21  2:12  Probe (Chrono Boost)  
  22  2:20  Probe (Chrono Boost)  
  23  2:24  Probe (Chrono Boost)  
  24  2:31  Probe (Chrono Boost)  
  24  2:35  Gateway  
  25  2:41  Warp Gate (Chrono Boost)  
  25  2:43  Mothership Core (Chrono Boost)  
  27  2:49  Pylon  
  27  2:50  Probe (Chrono Boost)  
  28  2:54  Pylon  
  28  3:03  Stalker  
  30  3:07  Probe  
  30  3:11  Robotics Facility, Probe  
  31  3:24  Probe  
  32  3:29  Assimilator  
  32  3:32  Twilight Council  
  32  3:35  Stalker  
  32  3:40  Stalker  
  36  3:46  Probe x2  
  38  3:57  Probe  
  38  3:59  Observer (Chrono Boost)  
  40  4:03  Probe  
  41  4:10  Gateway  
  41  4:20  Probe x2  
  43  4:24  Assimilator  
  43  4:29  Pylon  
  43  4:31  Probe  
  43  4:32  Probe  
  49  4:38  Immortal (Chrono Boost)  
  49  4:47  Probe  
  50  4:55  Adept x2  
  50  4:58  Probe  
  55  5:04  Forge  
  55  5:06  Pylon  
  55  5:08  Probe  
  56  5:28  Stalker x3  
  62  5:36  Observer (Chrono Boost)  
  42  6:01  Stalker  
  42  6:02  Stalker  
Tags
 
Add a new tag
Caveats
  • Supply blocks, unpowered buildings, or Contaminate may cause inaccurate times.
  • Supply counts are checked every 10 seconds.